 Dungeon Sprint DCSS version 0.16-b1 (webtiles) character file.

344 Medar the Slicer (level 6, -1/44 HPs)
             Began as a Kobold Berserker on Mar 6, 2015.
             Was a Believer of Trog.
             Shot with an arrow of flame by a centaur warrior (4 damage)
             ... in the Dungeon (Sprint I: "Red Sonja").
             The game lasted 00:02:20 (593 turns).

Medar the Slicer (Kobold Berserker)                  Turns: 593, Time: 00:02:20

Health: -1/44      AC:  9    Str: 18    XL:     6   Next: 89%
Magic:  6/6        EV: 16    Int:  5    God:    Trog [**....]
Gold:   264        SH:  0    Dex: 15    Spells: 0 memorised, 5 levels left

rFire  . . .     SeeInvis .     a - +0 short sword
rCold  . . .     Clarity  .     j - +1 scale mail {MR+}
rNeg   . . .     SustAb   .     (no shield)
rPois  .         Gourm    .     (no helmet)
rElec  .         Spirit   .     (no cloak)
rCorr  .         Warding  .     m - +0 pair of gloves
rMut   .         NoTele   +     (no boots)
MR     +....                    (no amulet)
Stlth  ..........               (no ring)
                                (no ring)

@: somewhat resistant to hostile enchantments, extremely unstealthy
A: carnivore 3
a: Burn Spellbooks, Berserk, Trog's Hand, Renounce Religion


You were in the Dungeon.
You worshipped Trog.
Trog was pleased with you.
You were not hungry.

You visited 1 branch You collected 322 gold pieces.
You spent 58 gold pieces at shops.

Inventory:

Hand weapons
 a - a +0 short sword (weapon)
Armour
 b - a +0 animal skin
 j - a +1 scale mail of magic resistance (worn)
 l - a +2 robe of cold resistance
 m - a +0 pair of gloves (worn)
Magical devices
 k - a wand of frost (19)
Scrolls
 i - a scroll of blinking
Potions
 d - a potion of curing {@q1}
 e - a potion of heal wounds
 f - a potion of haste
 g - 2 potions of magic
 h - a potion of berserk rage {!q}
Comestibles
 c - a meat ration


   Skills:
 + Level 7.6 Fighting
 + Level 11.1 Short Blades
 + Level 5.4 Armour
 + Level 7.8 Dodging


You had 5 spell levels left.
You didn't know any spells.

Dungeon Overview and Level Annotations

Branches:
Dungeon (1/1)

Altars:
Elyvilon
Gozag
Kikubaaqudgha
Makhleb
Nemelex Xobeh
Okawaru
Qazlal
Ru
Sif Muna
Trog
Vehumet
Xom
Yredelemnul
Zin
The Shining One

Shops:
D [


Innate Abilities, Weirdness & Mutations

You are small and have problems with some larger weapons.
You are carnivorous and can eat meat at any time.


Message History

HP restored.
There is an open door here.
What do you say? t - Shout!
Orders for allies: a - Attack new target. r - Retreat! s - Stop attacking. w - Wait here. f - Follow me.
Anything else - Stay silent.
You shout for attention!
You hear a shout!
The centaur warrior wields a longbow.
The centaur warrior shoots an arrow of flame.
The arrow of flame hits you!! The arrow of flame burns you!
Things that are here:
an arrow of flame; a hand axe
There is an open door here.
The centaur warrior shoots an arrow of flame.
The arrow of flame hits you!
* * * LOW HITPOINT WARNING * * *
The arrow of flame burns you.
You die...

################
#<.#..').#..'..#
#..'..#..').#@.+
#..#####'#####'# ##
#..####..#...#(####)§#
#..#__####..##.#§§§§c#
#..#_..__##'#..c§§§§
#⌠⌠#_.∩...'..._#≈≈§§c
####_..._##_.#'##+###
#_____###+#.# #######
###


You could see a centaur warrior.

Vanquished Creatures
  A yak (D)
  An ogre (D)
  Sigmund (D)
  A jelly (D)
  Ijyb (D)
5 creatures vanquished.

Notes
Turn   | Place    | Note
--------------------------------------------------------------
     0 | D        | Medar, the Kobold Berserker, began the quest for the Orb.
     0 | D        | Reached XP level 1. HP: 14/14 MP: 1/1
     1 | D        | Noticed Ijyb
    16 | D        | Killed Ijyb
    16 | D        | Reached skill level 7 in Short Blades
    16 | D        | Reached XP level 2. HP: 19/19 MP: 2/2
    49 | D        | Noticed an ogre
    56 | D        | Killed an ogre
    56 | D        | Reached skill level 5 in Fighting
    56 | D        | Reached skill level 9 in Short Blades
    56 | D        | Reached skill level 5 in Dodging
    56 | D        | Reached XP level 3. HP: 8/26 MP: 3/3
    56 | D        | Reached XP level 4. HP: 9/31 MP: 4/4
    56 | D        | Reached XP level 5. HP: 10/35 MP: 5/5
   304 | D        | Noticed Sigmund
   312 | D        | Killed Sigmund
   312 | D        | Acquired Trog's second power
   312 | D        | Reached skill level 10 in Short Blades
   367 | D        | Found a deep blue altar of Sif Muna.
   368 | D        | Noticed a jelly
   369 | D        | Found a radiant altar of Vehumet.
   375 | D        | Killed a jelly
   375 | D        | Reached XP level 6. HP: 42/42 MP: 6/6
   509 | D        | Found Qaluijud's Armour Emporium.
   509 | D        | Found a white marble altar of Elyvilon.
   509 | D        | Found a stormy altar of Qazlal.
   509 | D        | Found a burning altar of Makhleb.
   509 | D        | Found a sacrificial altar of Ru.
   509 | D        | Found a basalt altar of Yredelemnul.
   509 | D        | Found a glowing golden altar of the Shining One.
   509 | D        | Found a sparkling altar of Nemelex Xobeh.
   509 | D        | Found a shimmering altar of Xom.
   509 | D        | Found an opulent altar of Gozag.
   509 | D        | Found an ancient bone altar of Kikubaaqudgha.
   509 | D        | Found a glowing silver altar of Zin.
   509 | D        | Noticed a yak
   521 | D        | Killed a yak
   521 | D        | Reached skill level 11 in Short Blades
   521 | D        | Reached skill level 5 in Armour
   522 | D        | Found an iron altar of Okawaru.
   523 | D        | Found a bloodstained altar of Trog.
   527 | D        | Bought a +0 pair of gloves for 58 gold pieces
   574 | D        | Noticed a centaur warrior
   575 | D        | Noticed a centaur warrior
   593 | D        | Shot with an arrow of flame by a centaur warrior

Action                   |  1- 3 |  4- 6 || total
-------------------------+-------+-------++-------
Melee: Short sword       |    20 |    21 ||    41
Invok: Berserk           |     2 |     3 ||     5
  Eat: Chunk             |       |     4 ||     4
